 Dungeon Crawl Stone Soup version 0.14-a0-1444-g21dc12d (webtiles) character file.

35 M4edhros the Insei (level 2, -1/18 HPs)
             Began as an Octopode Transmuter on Dec 12, 2013.
             Shot with a stone by a goblin (5 damage)
             ... while paralysed by a potion of paralysis
             ... on Level 2 of the Dungeon.
             The game lasted 00:00:57 (698 turns).

M4edhros the Insei (Octopode Transmuter)             Turns: 698, Time: 00:00:57

HP  -1/18        AC  1     Str  9      XL: 2   Next: 50%
MP   4/4         EV  2     Int 15      God:
Gold 20          SH  0     Dex 12      Spells:  1 memorised,  4 levels left

rFire  . . .     SeeInvis .     h - -2,-1 dagger (curse)
rCold  . . .     Clarity  .     (no shield)
rNeg   . . .     Conserve .     (helmet restricted)
rPois  .         rCorr    .     (no amulet)
rElec  .         rRot     .     (no ring)
SustAb . .       Spirit   .     (no ring)
rMut   .         Warding  .     (no ring)
Saprov . . .     Stasis   .     (no ring)
                                (no ring)
                                (no ring)
                                (no ring)
                                (no ring)

@: paralysed, not resistant to hostile enchantments, fairly stealthy
A: almost no armour, amphibious, 8 rings, constrict 8, camouflage 1, gelatinous
body 1
a: no special abilities


You were on level 2 of the Dungeon.
You were not hungry.

You visited 1 branch of the dungeon, and saw 2 of its levels.

You collected 20 gold pieces.

Inventory:

Hand weapons
 h - a cursed -2,-1 dagger (weapon)
Missiles
 b - 12 arrows
Comestibles
 a - a bread ration
 c - a banana
 f - a pear
 i - a rotting chunk of jackal flesh
Scrolls
 e - a scroll of identify {unknown}
Potions
 g - a potion of paralysis
Books
 d - a book of Changes

   Spells                             Type                      Level
   *Beastly Appendage                 Transmutation                1
   Sticks to Snakes                   Transmutation                2
   Spider Form                        Transmutation/Poison         3
   Ice Form                           Ice/Transmutation            4
   Blade Hands                        Transmutation                5


   Skills:
 - Level 1.0 Fighting
 + Level 2.2 Dodging
 + Level 3.5 Unarmed Combat
 - Level 2.0 Spellcasting
 + Level 2.2 Transmutations


You had 4 spell levels left.
You knew the following spells:

 Your Spells              Type           Power        Failure   Level  Hunger
a - Beastly Appendage     Trmt           #.....       12%         1    #......


Dungeon Overview and Level Annotations

Branches:
Dungeon (2/16)

Altars:
Okawaru
Trog
Xom
Yredelemnul


Innate Abilities, Weirdness & Mutations

You cannot wear most types of armour.
You are amphibious.
You can wear up to eight rings at the same time.
You can use your tentacles to constrict many enemies at once.
Your skin changes colour to match your surroundings (Stlth).
Your rubbery body absorbs attacks (AC +1).


Message History

Found a robe.
Found an iron altar of Okawaru.
Found an escape hatch in the ceiling.
The goblin unwields an uncursed orcish dagger.
The goblin wields a sling.
The goblin shoots a stone.
The stone hits you!
You see here a stone.
Found 16 gold pieces and 11 arrows.
The goblin shoots a stone.
The stone hits you!
Found 7 gold pieces and 29 sling bullets.
You see here a stone.
The goblin shoots a stone.
The stone hits you!
Found a scroll labeled GOTHIH QOIFO.
You see here a stone.
A hobgoblin comes into view. It is wielding a club.
The goblin shoots a stone.
The stone hits you!
* * * LOW HITPOINT WARNING * * *
You aren't carrying any items that can be evoked.
Drink which item? (? for menu, Esc to quit)
You suddenly lose the ability to move!
It was a potion of paralysis.
The goblin shoots a stone.
Helpless, you fail to dodge the stone.
You die...

. #. #.. #.. ...
#.################..
######...........<.......
......g.@((.(.#########..
...$...._..._........<
g...................
...(.....⌠....###...
..$...........# ..
..(..._..._.##
...........# .?........[
.#######


You could see a hobgoblin (sleeping) and a goblin.

Vanquished Creatures
  3 goblins (D:1)
  3 hobgoblins (D:1)
  4 jackals (D:1)
  A bat (D:1)
  2 rats (D:1)
13 creatures vanquished.

Notes
Turn   | Place    | Note
--------------------------------------------------------------
     0 | D:1      | M4edhros, the Octopode Transmuter, began the quest for the Orb.
     0 | D:1      | Reached XP level 1. HP: 13/13 MP: 3/3
   369 | D:1      | Reached XP level 2. HP: 18/18 MP: 4/4
   689 | D:2      | Found a shimmering altar of Xom.
   689 | D:2      | Found a basalt altar of Yredelemnul.
   690 | D:2      | Found a bloodstained altar of Trog.
   691 | D:2      | Found an iron altar of Okawaru.
   697 | D:2      | Paralysed by a potion of paralysis for 3 turns
   698 | D:2      | Shot with a stone by a goblin

Action                   || total
-------------------------++-------
Melee: Unarmed           ||     7
       Dagger            ||    22
 Cast: Beastly Appendage ||     2
  Use: Scroll            ||     2
       Potion            ||     1
 Stab: Sleeping          ||     1
